 Dungeon Crawl Stone Soup version 0.31-a0-221-gbddc013574 (webtiles) character file.

Game seed: 9397783475274056816

225 qw the Chopper (level 6, 0/37 HPs)
             Began as a Gargoyle Fighter on July 3, 2023.
             Slain by a quasit (2 damage)
             ... summoned by Eustachio
             ... on level 4 of the Dungeon.
             The game lasted 00:01:32 (2865 turns).

qw the Chopper (Gargoyle Fighter)                   Turns: 2865, Time: 00:01:33

Health: 0/37       AC: 14    Str: 22      XL:     6   Next: 1%
Magic:  6/6        EV: 13    Int:  8      God:
Gold:   146        SH:  4    Dex:  8 (9)  Spells: 5/5 levels left

rFire   . . .        Y - +0 war axe
rCold   . . .        c - +0 buckler
rNeg    + . .        h - +0 chain mail
rPois   inf          (no helmet)
rElec   +            (no cloak)
rCorr   .            g - +0 pair of gloves
SInv    .            (no boots)
Will    .....        (no amulet) Stlth
                     b - +5 ring of evasion
HPRegen 0.26/turn    (no ring)
MPRegen 0.10/turn

%: no passive effects
@: no status effects
A: sickness immunity, AC +4, negative energy resistance 1, electricity
resistance, torment resistance 1, petrification resistance
a: no special abilities


You were on level 4 of the Dungeon.
You visited 1 branch of the dungeon, and saw 5 of its levels.

You collected 146 gold pieces.


Innate Abilities, Weirdness & Mutations

You are immune to sickness and miasma.
Your stone body is resilient. (AC +4)
You are immune to poison.
You resist negative energy. (rN+)
You are resistant to electric shocks. (rElec)
You are resistant to unholy torment.
You are immune to petrification.


   Skills:
 + Level 3.3 Fighting
 - Level 5.5 Axes
 - Level 3.2 Armour
 - Level 3.2 Shields


You had 5 spell levels left.
You didn't know any spells.
Your spell library was empty.

Inventory:

Hand Weapons
 m - a +0 flail
 Y - a +0 war axe (weapon)
Armour
 c - a +0 buckler (worn)
 g - a +0 pair of gloves (worn)
 h - a +0 chain mail (worn)
Jewellery
 b - a +5 ring of evasion (left hand)
Scrolls
 a - a scroll of identify
 i - a scroll of silence {unknown}
 l - a scroll of noise {unknown}
 n - a scroll of revelation {unknown}
Potions
 d - a potion of might
 e - 3 potions of curing
 f - a potion of lignification
 j - a potion of resistance
 k - 2 potions of attraction

Dungeon Overview and Level Annotations

Branches:
Dungeon (5/15)
 Temple: D:4-7

Altars:
Makhleb
Trog

Annotations:
D:4 Eustachio


Message History

The quasit claws you but does no damage. x2
You closely miss the quasit.
The quasit is moderately wounded.
You closely miss the quasit. You block the quasit's attack.
The quasit claws you but does no damage.
The quasit barely misses you. x2; The quasit claws you.
You feel clumsy. The quasit barely misses you.
Eustachio mumbles some strange words.
Eustachio blinks!
The quasit closely misses you.
The quasit claws you but does no damage.
The quasit closely misses you.
The quasit bites you but does no damage.
The quasit closely misses you. The quasit misses you.
You closely miss the quasit.
The quasit is moderately wounded.
You barely miss the quasit. You block the quasit's attack.
The quasit claws you but does no damage.
The quasit closely misses you. The quasit misses you.
The quasit barely misses you.
The quasit claws you but does no damage.
You slash the quasit!
You kill the quasit!
The quasit disappears in a puff of smoke!
You hit the quasit. The quasit closely misses you. x2
The quasit claws you but does no damage.
Eustachio brags, "I can call spirits from the vasty deep."
Eustachio casts a spell.
Eustachio blinks!
The quasit bites you but does no damage.
You block the quasit's attack.
The quasit claws you but does no damage.
You miss the quasit.
The quasit is moderately wounded.
The quasit bites you but does no damage.
The quasit barely misses you. The quasit claws you.
You die...

##. ####+##... #^......#
#......# ....# #.....)#
....# #......# ....#
#......######### ...#
#.....¤........#
...####.........@....#
..............¤..5...#
..#####...##..¤.¤.........#
..#####.############......#
..#.....# #......#
....##### #.....[# ..###
#......# ..# #......# ..#
#......#


You could see a quasit (summoned).

Vanquished Creatures
  A black bear (D:4)
  6 adders
  2 worms
  5 dart slugs
  An orc (D:3)
  7 endoplasms
  4 giant cockroaches
  9 goblins
  8 hobgoblins
  3 kobolds (D:3)
  A quokka (D:2)
  5 ball pythons
  6 bats
  4 frilled lizards (D:1)
  A rat (D:1)
63 creatures vanquished.

Notes
Turn   | Place    | Note
-------+----------+-------------------------------------------
     0 | D:1      | qw the Gargoyle Fighter began the quest for the Orb.
     0 | D:1      | Reached XP level 1. HP: 14/14 MP: 1/1
     0 | D:1      | 0 ||| qw: Version: 0.3-a-40-ge99b1a8
     0 | D:1      | 0 ||| qw: Game counter: 619
     0 | D:1      | 0 ||| qw: Melee chars always use a shield: true
     0 | D:1      | 0 ||| qw: God list: Okawaru
     0 | D:1      | 0 ||| qw: Allow faded altars: false
     0 | D:1      | 0 ||| qw: Do Orc after clearing Dungeon:15 true
     0 | D:1      | 0 ||| qw: Do second Lair branch before Depths: true
     0 | D:1      | 0 ||| qw: Lair rune preference: random
     0 | D:1      | 0 ||| qw: Goals: Normal, Zot:1-4, Slime:5, God:TSO, Crypt,
                  | Tomb, Abyss, Pan, Hells, Win
     0 | D:1      | 0 ||| PLANNING D:1-11
    61 | D:1      | Reached skill level 2 in Axes
   316 | D:1      | Reached XP level 2. HP: 19/19 MP: 2/2
   386 | D:1      | 386 ||| DROPPING +0 club.
   428 | D:1      | 428 ||| Stepping ~*~*~tactically~*~*~ (hiding).
   443 | D:1      | Reached skill level 3 in Axes
   474 | D:1      | Reached XP level 3. HP: 22/23 MP: 3/3
   784 | D:1      | 784 ||| UPGRADING to +0 pair of gloves.
   789 | D:1      | 789 ||| DROPPING amulet of magic regeneration.
   790 | D:1      | 790 ||| READING 3 scrolls labelled LOSUHU UCASE.
   791 | D:1      | 791 ||| READING scroll labelled LIDGHI FITUSTRU.
   792 | D:1      | 792 ||| READING scroll labelled QOITRI BYSTY.
   793 | D:1      | 793 ||| READING 2 scrolls of identify.
   793 | D:1      | 793 ||| IDENTIFYING emerald potion
   924 | D:2      | Reached XP level 4. HP: 28/28 MP: 4/4
   927 | D:2      | Reached skill level 4 in Axes
  1400 | D:2      | 1400 ||| UPGRADING to +0 chain mail.
  1410 | D:2      | 1410 ||| DROPPING +0 scale mail.
  1411 | D:2      | 1411 ||| READING scroll labelled FAMUBOM NOFITZ.
  1412 | D:2      | 1412 ||| READING 4 scrolls of identify.
  1412 | D:2      | 1412 ||| IDENTIFYING smoky cyan potion
  1413 | D:2      | 1413 ||| READING 3 scrolls of identify.
  1413 | D:2      | 1413 ||| IDENTIFYING coppery potion
  1414 | D:2      | 1414 ||| READING 2 scrolls of identify.
  1414 | D:2      | 1414 ||| IDENTIFYING white potion
  1500 | D:3      | Found a burning altar of Makhleb.
  1500 | D:3      | Noticed an Executioner
  1571 | D:3      | 1571 ||| Stepping ~*~*~tactically~*~*~ (hiding).
  1864 | D:3      | 1864 ||| Stepping ~*~*~tactically~*~*~ (stealth).
  2192 | D:3      | Found a faded altar of an unknown god.
  2226 | D:3      | 2226 ||| Stepping ~*~*~tactically~*~*~ (hiding).
  2229 | D:3      | 2229 ||| Stepping ~*~*~tactically~*~*~ (stealth).
  2276 | D:3      | You fall into a shaft and drop 2 floors!
  2276 | D:5      | Entered Level 5 of the Dungeon
  2298 | D:5      | Reached XP level 5. HP: 32/32 MP: 5/5
  2312 | D:5      | Found a bloodstained altar of Trog.
  2313 | D:5      | 2313 ||| UPGRADING to +5 ring of evasion.
  2315 | D:5      | 2315 ||| FLEEEEING.
  2316 | D:5      | 2316 ||| FLEEEEING.
  2318 | D:5      | 2318 ||| FLEEEEING.
  2319 | D:5      | 2319 ||| FLEEEEING.
  2320 | D:5      | 2320 ||| FLEEEEING.
  2321 | D:5      | 2321 ||| STAIRDANCE
  2380 | D:4      | 2380 ||| READING scroll labelled EBUMOA BEITIR.
  2390 | D:3      | 2390 ||| Stepping ~*~*~tactically~*~*~ (stealth).
  2392 | D:3      | 2392 ||| Stepping ~*~*~tactically~*~*~ (stealth).
  2585 | D:4      | 2585 ||| Stepping ~*~*~tactically~*~*~ (hiding).
  2707 | D:4      | Noticed a black bear
  2713 | D:4      | Killed a black bear
  2714 | D:4      | Reached skill level 5 in Axes
  2714 | D:4      | Reached XP level 6. HP: 27/37 MP: 6/6
  2789 | D:4      | 2789 ||| DROPPING +0 mace.
  2818 | D:4      | Noticed Eustachio
  2819 | D:4      | 2819 ||| Stepping ~*~*~tactically~*~*~ (hiding).
  2820 | D:4      | 2820 ||| Stepping ~*~*~tactically~*~*~ (hiding).
  2821 | D:4      | 2821 ||| Stepping ~*~*~tactically~*~*~ (hiding).
  2822 | D:4      | 2822 ||| Stepping ~*~*~tactically~*~*~ (hiding).
  2826 | D:4      | 2826 ||| Stepping ~*~*~tactically~*~*~ (hiding).
  2850 | D:4      | HP: 7/37 [white imp[Eustachio] (5)]
  2858 | D:4      | HP: 7/37 [Eustachio/+1 rapier of draining (1)]
  2860 | D:4      | HP: 2/37 [Eustachio/+1 rapier of draining (5)]
  2865 | D:4      | Slain by a quasit

Levels and vault maps discovered:
D:1:      erik_arrival_blinker_ship, layout_basic
D:2:      layout_basic
D:3:      layout_basic, makhleb_altar_promises_db,
          chequers_ecumenical_altar_twisty
D:4:      layout_basic, minmay_statues_item, minmay_misc_feat_x, uniq_eustachio,
          uniq_edmund
D:5:      layout_basic, old_standard_altar, vehumet_altar_wand_db,
          corexii_corridor_pit, fountainhead

Skill      XL: |  1  2  3  4  5 |
---------------+----------------+-----
Axes           | 2 3 4 5 |  5.5
Fighting       | |  3.3
Armour         | |  3.2
Shields        | |  3.2

Action                     |  1- 3 |  4- 6 || total
---------------------------+-------+-------++-------
  Melee: War axe           |   126 |   111 ||   237
    Use: Scroll            |     4 |     5 ||     9
 Armour: Scale mail        |    61 |     9 ||    70
         Chain mail        |       |    52 ||    52
  Dodge: Dodged            |    62 |    76 ||   138
  Block: Buckler           |    30 |    24 ||    54

Table legend:
 A = Non-vault XP
 B = Vault XP
 C = Vault XP percentage of total XP
 D = Non-vault monster count
 E = Vault monster count
 F = Vault count percentage of total count
                 A         B        C        D         E       F
            +---------+---------+-------+---------+---------+-------
      Total |     322 |       0 |   0.0 |      63 |       0 |   0.0
            +---------+---------+-------+---------+---------+-------
        D:1 |      47 |       0 |   0.0 |      26 |       0 |   0.0
        D:2 |      71 |       0 |   0.0 |      17 |       0 |   0.0
        D:3 |      50 |       0 |   0.0 |      14 |       0 |   0.0
        D:4 |     149 |       0 |   0.0 |       5 |       0 |   0.0
        D:5 |       5 |       0 |   0.0 |       1 |       0 |   0.0
            +---------+---------+-------+---------+---------+-------
